Map: 2000 Atmospheres LE

Players

Solar - Winner!

  • Race: Zerg Zerg

HeroMarine

  • Race: Terran Terran

Event: TSL 8

VOD

Have the link to the VOD?

Description

Time

  • Played on: Dec. 5, 2021, 7:44 a.m.
  • Length: 16:12

All games in this series

Show
View Real Time Build Order
Export as new Build Order

Solar Zerg - Winner!

Build Orders: Hatch First, Lurkers 

Get SALT Encoding   

  12  0:01  Drone  
  13  0:13  Overlord  
  13  0:17  Drone  
  14  0:32  Drone x2  
  16  0:48  Hatchery  
  15  0:51  Drone  
  15  0:55  Drone  
  17  0:58  Drone  
  18  1:09  Extractor  
  17  1:13  Spawning Pool  
  17  1:15  Drone  
  17  1:19  Drone  
  18  1:29  Drone  
  20  1:40  Drone  
  20  1:50  Drone  
  21  2:00  Queen x2  
  21  2:01  Zergling x4  
  27  2:11  Overlord  
  27  2:12  Drone  
  28  2:22  Hatchery  
  27  2:25  Drone  
  28  2:30  Drone  
  28  2:35  Queen  
  31  2:40  Drone  
  31  2:41  Metabolic Boost  
  32  2:46  Overlord  
  32  2:52  Drone  
  32  2:53  Drone  
  32  2:55  Drone  
  32  2:56  Drone  
  36  3:07  Drone x2  
  36  3:08  Drone  
  36  3:09  Drone  
  36  3:12  Queen  
  42  3:14  Drone  
  42  3:19  Overlord  
  43  3:20  Drone  
  44  3:30  Overlord  
  44  3:34  Drone, Queen  
  44  3:37  Drone  
  44  3:38  Drone  
  49  3:43  Drone x2  
  49  3:44  Drone x2  
  49  3:45  Drone x3  
  49  3:47  Drone  
  57  3:53  Spore Crawler  
  57  3:54  Queen  
  58  3:57  Drone, Zergling x2  
  58  3:58  Zergling x2  
  58  4:02  Overlord  
  62  4:07  Overlord  
  62  4:09  Queen  
  62  4:13  Drone  
  62  4:15  Drone  
  62  4:16  Overlord  
  66  4:18  Overlord  
  66  4:21  Drone x5  
  66  4:23  Zergling x2  
  66  4:24  Extractor  
  71  4:27  Zergling x4  
  71  4:29  Overlord  
  73  4:33  Queen  
  73  4:35  Evolution Chamber  
  73  4:37  Evolution Chamber  
  73  4:39  Drone x3  
  73  4:44  Drone x2  
  73  4:45  Drone x3  
  81  4:46  Drone  
  82  4:53  Drone x3  
  85  5:00  Zergling x2  
  85  5:01  Overlord  
  85  5:02  Extractor  
  85  5:03  Drone x3  
  87  5:07  Zergling x2  
  87  5:12  Zerg Ground Armor Level 1, Zerg Melee Weapons Level 1  
  87  5:13  Drone x2  
  90  5:15  Extractor  
  90  5:16  Extractor  
  90  5:18  Overlord  
  90  5:20  Drone x3  
  91  5:22  Drone  
  91  5:23  Lair  
  91  5:24  Zergling x4  
  91  5:27  Drone, Hatchery  
  91  5:28  Zergling x2  
  95  5:32  Baneling Nest, Overlord  
  94  5:36  Zergling x4  
  96  5:43  Zergling x8  
  96  5:46  Zergling x8  
  96  5:47  Overlord  
  96  5:49  Pneumatized Carapace  
  104  5:54  Drone  
  104  5:55  Drone x2  
  104  5:56  Zergling x2  
  108  5:57  Overlord  
  108  6:02  Zergling x2  
  109  6:06  Zergling x2  
  109  6:07  Drone  
  110  6:11  Zergling x2  
  110  6:13  Hatchery  
  110  6:15  Drone  
  105  6:21  Zergling x10  
  105  6:22  Zergling x4, Centrifugal Hooks  
  105  6:23  Baneling x7  
  105  6:24  Drone x2, Baneling  
  114  6:25  Overseer, Baneling  
  114  6:28  Drone  
  114  6:29  Zergling x2  
  114  6:31  Queen, Overlord  
  118  6:34  Drone  
  118  6:39  Drone x2  
  121  6:40  Queen  
  121  6:42  Zergling x2  
  121  6:45  Zergling x2  
  121  6:46  Zergling x2  
  126  6:49  Zergling x4  
  126  6:51  Overlord  
  126  6:52  Drone  
  126  6:53  Drone x5  
  134  6:54  Overlord  
  134  6:55  Zergling x2  
  134  6:56  Baneling x4  
  130  7:06  Zergling x8  
  130  7:08  Zerg Melee Weapons Level 2, Zerg Ground Armor Level 2  
  125  7:11  Zergling x4  
  125  7:13  Drone  
  121  7:17  Zergling x2  
  121  7:21  Queen  
  123  7:23  Zergling x12  
  123  7:26  Zergling x2  
  130  7:30  Infestation Pit, Hydralisk Den  
  130  7:33  Zergling x2  
  130  7:34  Zergling x6  
  126  7:37  Baneling x13  
  126  7:39  Drone  
  126  7:41  Drone x2  
  128  7:45  Zergling x4  
  128  7:47  Drone  
  128  7:48  Zergling x6  
  134  7:54  Zergling x14, Baneling  
  134  7:55  Baneling x3  
  139  7:59  Zergling x8  
  139  8:02  Zergling x6  
  139  8:05  Drone  
  143  8:07  Hive  
  143  8:08  Drone x2, Extractor  
  143  8:14  Drone, Overlord  
  143  8:17  Zergling x2  
  143  8:18  Zergling x8  
  146  8:22  Zergling x12  
  146  8:25  Hydralisk  
  147  8:30  Lurker Den  
  147  8:31  Baneling x5  
  147  8:33  Zergling x8  
  150  8:36  Hydralisk x2  
  150  8:39  Grooved Spines  
  150  8:40  Zergling x12  
  160  8:41  Baneling x3  
  160  8:45  Extractor  
  151  8:48  Zergling x4  
  151  8:49  Zergling x4  
  151  8:52  Zergling x8  
  155  8:56  Zergling x6  
  155  8:58  Zergling x2  
  153  9:03  Zergling x2  
  153  9:04  Baneling  
  153  9:05  Baneling x3  
  153  9:08  Zergling x6  
  153  9:13  Zergling x10  
  153  9:14  Zergling x4  
  153  9:19  Hydralisk x3  
  153  9:20  Queen x2  
  153  9:21  Zergling x6  
  153  9:22  Zergling x2  
  164  9:26  Zergling x4  
  164  9:28  Seismic Spines  
  159  9:32  Drone  
  159  9:33  Viper x2  
  159  9:35  Zerg Missile Weapons Level 1  
  159  9:37  Overlord  
  162  9:39  Zergling x8  
  162  9:45  Zergling x6  
  168  9:47  Baneling x2  
  168  9:50  Zergling x2  
  168  9:51  Zergling x8  
  169  9:53  Hatchery  
  169  9:54  Overlord  
  169  9:56  Drone  
  169  9:57  Spore Crawler  
  167  10:00  Lurker x4  
  172  10:07  Zergling x14  
  172  10:09  Lurker  
  172  10:10  Overlord  
  172  10:14  Zergling x10  
  183  10:18  Drone x2  
  183  10:20  Baneling x2  
  182  10:27  Zerg Ground Armor Level 3  
  179  10:30  Zergling x26  
  191  10:39  Overlord  
  191  10:40  Drone x2, Extractor  
  191  10:42  Hydralisk x3  
  192  10:47  Drone  
  192  10:48  Drone  
  197  10:51  Zergling x8  
  197  10:53  Spore Crawler  
  199  10:59  Zergling x4  
  199  11:02  Hatchery  
  199  11:03  Zergling x6  
  199  11:04  Zergling x14  
  197  11:05  Adrenal Glands  
  197  11:06  Drone x2  
  197  11:08  Adaptive Talons  
  196  11:17  Muscular Augments  
  196  11:19  Baneling x2  
  196  11:20  Baneling x4  
  196  11:21  Lurker x3  
  196  11:23  Zergling x2  
  200  11:31  Zergling x2  
  199  11:36  Drone x2  
  199  11:41  Overseer  
  199  11:42  Overseer x2  
  198  11:52  Zergling x12  
  198  11:53  Zergling x4  
  198  11:54  Zergling x2  
  200  12:01  Baneling x16  
  200  12:02  Baneling x7  
  200  12:12  Baneling x7  
  200  12:13  Hatchery  
  195  12:16  Hydralisk x3  
  195  12:17  Hydralisk  
  189  12:23  Hydralisk x4  
  189  12:24  Hydralisk x2  
  189  12:26  Hydralisk  
  189  12:27  Zergling x10  
  196  12:30  Zergling x6  
  199  12:38  Zergling x2  
  199  12:55  Zergling x8  
  199  12:56  Zergling x4  
  199  12:58  Lurker  
  184  13:08  Zergling x46  
  184  13:11  Lurker x8  
  196  13:12  Zergling x2  
  196  13:13  Zergling x6  
  199  13:22  Zerg Melee Weapons Level 3  
  196  13:30  Baneling x3  
  196  13:31  Baneling x5  
  194  13:38  Zergling x10  
  194  13:39  Zergling x18  
  198  13:45  Zergling x28  
  198  13:48  Zergling x4  
  180  13:53  Hydralisk x3  
  180  13:55  Zergling x6  
  174  13:58  Zergling x4  
  174  14:00  Zergling x4  
  174  14:01  Zergling x2  
  174  14:02  Zergling x2  
  177  14:04  Hydralisk  
  177  14:09  Zergling x2  
  176  14:10  Zergling x10  
  176  14:11  Zergling x2  
  182  14:17  Overseer  
  182  14:18  Drone x2  
  182  14:19  Drone  
  182  14:21  Baneling x3, Nydus Network  
  182  14:23  Baneling, Lurker, Spore Crawler  
  182  14:24  Lurker x2  
  186  14:36  Hydralisk x2  
  189  14:38  Hatchery  
  189  14:41  Zergling x2  
  189  14:42  Zergling x8  
  193  14:49  Baneling x17  
  193  14:51  Lurker  
  193  14:52  Baneling x5  
  194  14:55  Zergling x6  
  196  15:05  Nydus Canal  
  192  15:22  Zergling x20  
  192  15:24  Overseer x3, Zergling x18  
  192  15:27  Zergling x10  
  198  15:31  Zergling x6  
  198  15:33  Nydus Canal  
  199  15:40  Zergling x22  
  190  15:44  Zergling x14  
Show
View Real Time Build Order
Export as new Build Order

HeroMarine Terran 

Build Orders: Reaper Expand 

Get SALT Encoding   

  12  0:00  SCV  
  13  0:12  SCV  
  14  0:17  Supply Depot  
  14  0:24  SCV  
  15  0:39  SCV, Barracks  
  16  0:43  Refinery  
  16  0:51  SCV  
  17  1:03  SCV  
  18  1:15  SCV  
  19  1:26  Reaper  
  19  1:27  Orbital Command  
  20  1:40  Command Center  
  20  1:48  Supply Depot  
  20  1:52  SCV  
  21  1:58  Marine  
  22  2:05  SCV  
  22  2:08  Factory  
  23  2:17  SCV  
  23  2:20  Barracks Reactor  
  24  2:29  SCV  
  25  2:41  SCV  
  25  2:42  Command Center  
  26  2:52  Orbital Command  
  26  2:53  SCV  
  27  3:04  Hellion x2  
  27  3:05  SCV  
  32  3:09  Barracks  
  32  3:12  Barracks Tech Lab  
  32  3:17  SCV  
  32  3:19  SCV  
  34  3:25  Hellion  
  38  3:27  Hellion  
  38  3:30  SCV  
  38  3:31  SCV  
  38  3:32  Marine  
  38  3:33  Stimpack  
  40  3:42  SCV  
  40  3:43  SCV  
  40  3:46  Refinery  
  42  3:50  Marine  
  42  3:54  SCV  
  42  3:55  SCV, Orbital Command  
  45  4:01  Starport  
  45  4:04  Refinery  
  45  4:05  Factory Reactor  
  45  4:06  SCV  
  45  4:07  SCV, Marine x2  
  45  4:08  Marine  
  50  4:15  Supply Depot  
  50  4:19  SCV x2  
  50  4:22  SCV  
  53  4:24  Marine  
  53  4:25  Marine x2  
  53  4:31  SCV x2  
  57  4:32  Supply Depot  
  57  4:34  SCV  
  59  4:42  Marine x2  
  59  4:43  SCV, Marine  
  63  4:46  Orbital Command  
  63  4:47  SCV  
  63  4:48  Engineering Bay  
  63  4:49  Factory Reactor, Engineering Bay  
  63  4:51  Medivac x2  
  68  4:56  SCV  
  68  4:59  SCV  
  70  5:00  Supply Depot, Marine x2  
  70  5:01  Marine  
  70  5:06  Supply Depot  
  73  5:08  SCV  
  73  5:11  SCV  
  76  5:14  SCV  
  76  5:16  Terran Infantry Weapons Level 1, Terran Infantry Armor Level 1  
  76  5:18  Marine  
  77  5:21  Marine x2  
  77  5:22  SCV  
  77  5:24  SCV  
  77  5:26  Supply Depot, SCV  
  82  5:28  Supply Depot  
  82  5:34  SCV  
  83  5:35  Medivac x2  
  83  5:36  SCV, Marine  
  83  5:38  Hellion x2  
  93  5:43  Supply Depot  
  93  5:48  SCV x3, Armory, Marine x2  
  98  5:53  Marine  
  99  5:59  Combat Shield  
  99  6:00  SCV  
  99  6:01  SCV x2  
  102  6:05  Supply Depot, Marine  
  102  6:06  Hellion x2, Marine  
  102  6:07  Supply Depot  
  108  6:12  SCV  
  108  6:13  SCV  
  108  6:18  Marine  
  106  6:21  SCV  
  106  6:22  Barracks  
  106  6:23  Marine, Barracks  
  106  6:24  SCV, Barracks  
  109  6:28  Hellion x2  
  109  6:31  Supply Depot  
  109  6:32  Refinery, Marine  
  114  6:36  Marine  
  115  6:43  Marine  
  115  6:44  Medivac x2  
  120  6:50  Marine  
  120  6:53  Marine  
  120  6:54  Command Center  
  122  7:01  Marine  
  123  7:05  Widow Mine x2  
  123  7:08  Factory, Marine  
  115  7:11  Terran Infantry Weapons Level 2, Marine  
  115  7:12  SCV x2  
  115  7:13  SCV  
  117  7:18  Marine  
  117  7:20  Barracks Reactor x3  
  117  7:24  SCV, Barracks  
  117  7:26  Marine, Barracks x2  
  117  7:28  Widow Mine x2  
  117  7:29  Marine  
  124  7:36  Marine  
  125  7:37  SCV x2  
  125  7:38  SCV  
  125  7:39  Supply Depot, Terran Infantry Armor Level 2  
  125  7:40  Refinery  
  125  7:43  Marine  
  129  7:47  Marine  
  129  7:49  Hellion x2  
  134  7:54  Marine  
  133  8:00  Marine x2  
  133  8:01  Marine  
  133  8:03  Marine x2  
  133  8:05  Medivac x2, Marine  
  129  8:08  Marine x2  
  129  8:11  Widow Mine x2, SCV x2, Marine  
  129  8:12  SCV, Marine  
  144  8:14  Marine x2  
  144  8:18  Marine x2  
  144  8:19  Marine  
  149  8:21  Marine x2  
  149  8:22  Marine  
  149  8:23  SCV  
  149  8:24  SCV x2  
  142  8:28  Factory Tech Lab  
  142  8:29  Marine  
  142  8:30  Marine x3  
  142  8:32  Widow Mine x2  
  150  8:35  Medivac x2, SCV  
  150  8:36  SCV  
  150  8:37  SCV, Marine x3  
  150  8:39  Barracks Tech Lab x2  
  160  8:47  Marine  
  160  8:48  SCV x2, Marine  
  153  8:49  SCV, Marine  
  153  8:52  Marine x4  
  153  8:55  Marine x2  
  156  8:59  Marine x2  
  156  9:00  SCV  
  156  9:01  SCV x2, Marine  
  155  9:04  Marine  
  155  9:06  Marine  
  155  9:07  Marine  
  150  9:10  Marine  
  150  9:11  Siege Tank  
  150  9:12  Widow Mine  
  150  9:13  Widow Mine, SCV x3  
  143  9:18  Drilling Claws  
  143  9:19  Marine x3  
  143  9:21  Marine  
  141  9:25  SCV x3  
  135  9:35  Marine x2  
  135  9:36  Marine  
  135  9:37  SCV x3  
  139  9:45  Planetary Fortress  
  138  9:49  SCV x3  
  138  9:52  Marauder x3, Barracks Tech Lab  
  149  9:59  Terran Vehicle Weapons Level 1  
  145  10:01  SCV x3  
  145  10:02  Refinery, Marine  
  145  10:03  Factory  
  149  10:07  Factory Tech Lab  
  149  10:10  Marine x3  
  149  10:11  Refinery, Siege Tank  
  149  10:13  SCV  
  156  10:16  Supply Depot  
  156  10:19  Supply Depot  
  156  10:20  Marauder x2, Supply Depot  
  160  10:24  Terran Infantry Weapons Level 3, Marine  
  160  10:25  Supply Depot, Marine  
  160  10:26  Supply Depot  
  162  10:32  Marine x5  
  162  10:33  Marine  
  163  10:38  Siege Tank  
  163  10:40  Refinery  
  163  10:41  Supply Depot  
  166  10:43  Supply Depot, Command Center  
  166  10:45  Marauder x2, Marine x2  
  166  10:47  Factory Tech Lab x2  
  168  10:58  Marauder x2, Marine x2  
  164  11:04  Medivac x2  
  164  11:06  Siege Tank  
  164  11:09  Siege Tank  
  164  11:10  Siege Tank  
  177  11:13  Marauder x2  
  177  11:17  Sensor Tower  
  181  11:18  SCV x2  
  181  11:19  SCV  
  181  11:20  Marine x2  
  181  11:24  Marine x2  
  188  11:28  Marine x2  
  188  11:37  Ghost Academy, Marine x2  
  188  11:38  Marine  
  188  11:39  Marine  
  191  11:41  Siege Tank  
  190  11:49  Terran Infantry Armor Level 3  
  185  12:00  Marauder, Siege Tank  
  188  12:06  Marauder, Marine  
  188  12:07  Marauder  
  190  12:08  Concussive Shells  
  190  12:10  Marine x4  
  190  12:12  Marine x2  
  196  12:17  Factory Tech Lab  
  196  12:20  Marauder  
  183  12:23  Marauder  
  183  12:24  Marine x2  
  183  12:25  Siege Tank  
  183  12:28  Marauder  
  183  12:29  Marauder  
  188  12:33  Siege Tank  
  188  12:35  Marine x2  
  193  12:38  Marine x2  
  193  12:43  Marine x2  
  193  12:44  Marine  
  200  12:46  Terran Vehicle And Ship Armor Level 1  
  191  13:09  Unknown  
  191  13:11  Medivac x2  
  187  13:13  Marine  
  187  13:14  Marine  
  187  13:16  Marine x2  
  187  13:18  Planetary Fortress  
  187  13:19  Marine x2  
  190  13:21  Sensor Tower, Marine x2  
  190  13:22  SCV x4  
  198  13:27  Unknown x2  
  200  13:38  Unknown x2  
  143  13:56  Liberator, Unknown x2  
  143  13:57  Liberator  
  143  13:58  Marine  
  143  13:59  Marine  
  143  14:01  Marine  
  154  14:03  Marine x2  
  154  14:05  Marine  
  154  14:06  Marine  
  154  14:07  Siege Tank  
  154  14:09  Unknown  
  157  14:13  Marine  
  157  14:14  Marauder, Unknown  
  157  14:15  Widow Mine x2  
  157  14:16  Marine  
  159  14:21  Refinery  
  159  14:22  Refinery  
  159  14:24  Marauder, Unknown  
  159  14:26  Unknown  
  159  14:27  Marine  
  159  14:30  Marauder  
  159  14:31  Sensor Tower  
  164  14:33  Marine x2  
  164  14:35  Marauder  
  164  14:36  Widow Mine  
  164  14:37  Widow Mine, Unknown  
  161  14:39  Liberator x2  
  161  14:41  Personal Cloaking  
  167  14:54  Widow Mine  
  167  14:58  Widow Mine, Marine x2  
  179  15:01  Marauder  
  179  15:04  Marine x3  
  179  15:05  Marine  
  179  15:07  Widow Mine  
  187  15:09  Marine  
  187  15:10  Marine  
  189  15:15  Widow Mine  
  189  15:16  Marine  
  189  15:17  Orbital Command  
  189  15:19  Widow Mine  
  194  15:22  Marauder  
  194  15:25  Medivac x2, Unknown x2  
  194  15:26  Unknown  
  194  15:28  Widow Mine  
  182  15:35  SCV x3  
  176  15:37  Widow Mine  
  139  16:03  Unknown x2  
  139  16:08  Unknown  
Tags
 
Add a new tag
Caveats
  • Supply blocks, unpowered buildings, or Contaminate may cause inaccurate times.
  • Supply counts are checked every 10 seconds.